 Dungeon Crawl Stone Soup version 0.29.1-1-gd02db6906a (webtiles) character file.

Game seed: 7851913404383908479

1892 unlimited1921 the Ogre Mage (level 9, -11/88 HPs)
             Began as an Ogre Cinder Acolyte on Oct 5, 2022.
             Was an Initiate of Fedhas.
             Mangled by a yak (14 damage)
             ... on level 8 of the Dungeon.
             The game lasted 00:36:55 (10856 turns).

unlimited1921 the Ogre Mage (Ogre Cinder Acolyte)  Turns: 10856, Time: 00:37:01

Health: -11/88     AC:  3    Str: 20    XL:     9   Next: 15%
Magic:  12/27      EV:  9    Int: 19    God:    Fedhas [......]
Gold:   285        SH:  0    Dex:  4    Spells: 18/20 levels left

rFire   . . .      SeeInvis .   O - +5 short sword (venom)
rCold   . . .      Faith    .   (no shield)
rNeg    . . .      Spirit   .   b - +0 robe
rPois   .          Reflect  .   (helmet restricted)
rElec   .          Harm     .   (no cloak)
rCorr   .          Rampage  .   (gloves unavailable)
Will    .....                   (boots unavailable)
Stlth   +.........              (no amulet)
HPRegen 0.24/turn               E - ring of magical power
MPRegen 0.20/turn               (no ring)

@: fire susceptible, very slow
A: large, unfitting armour, tough skin 1
a: Renounce Religion


You were on level 8 of the Dungeon.
You worshipped Fedhas.
Fedhas was noncommittal.
You visited 2 branches of the dungeon, and saw 8 of its levels.

You collected 285 gold pieces.

Inventory:

Hand Weapons
 m - a +0 hand axe
 s - a +0 long sword
 O - a +5 short sword of venom (weapon)
Missiles
 d - 58 stones
 x - 5 poisoned darts
 F - 7 boomerangs
Armour
 b - a +0 robe (worn)
 B - a +0 troll leather armour {Pargi}
Jewellery
 E - a ring of magical power (left hand)
 J - a ring of flight
 K - a ring of protection from cold
Wands
 p - a wand of quicksilver (6) (quivered)
 v - a wand of flame (19)
 H - a wand of paralysis (8)
Scrolls
 e - 3 scrolls of teleportation {unknown}
 f - a scroll of silence {unknown}
 h - 3 scrolls of fear {unknown}
 i - 5 scrolls of identify {unknown}
 n - a scroll of noise {unknown}
 w - 3 scrolls of torment {unknown}
 y - 3 scrolls of amnesia {unknown}
 D - 4 scrolls of poison {unknown}
 G - a scroll of blinking {unknown}
 I - a scroll of enchant armour {unknown}
 N - a scroll of enchant weapon {unknown}
Potions
 g - a potion of curing {unknown}
 j - 2 potions of flight
 l - 2 potions of brilliance {unknown}
 o - 2 potions of berserk rage {unknown}
 q - a potion of lignification {unknown}
 r - 2 potions of invisibility {unknown}
 t - a potion of degeneration {unknown}
 u - a potion of cancellation {unknown}
 z - a potion of heal wounds {unknown}
 A - 2 potions of resistance
 L - a potion of attraction {unknown}


   Skills:
 - Level 5.6 Fighting
 - Level 4.4 Axes
 - Level 2.3 Dodging
 - Level 1.1 Stealth
 - Level 6.4 Spellcasting
 - Level 5.8 Fire Magic
 + Level 6.4 Invocations
 - Level 0.2 Evocations


You had 18 spell levels left.
You knew the following spells:

 Your Spells              Type           Power      Damage    Failure   Level
a - Scorch                Fire           56%        2d7       1%          2

Your spell library contained the following spells:

 Spells                   Type           Power      Damage    Failure   Level
 Static Discharge         Conj/Air       6%         3-4/arc   16%         2
 Sticky Flame             Conj/Fire      17%        2d4       32%         4
 Dispel Undead            Necr           6%         3d8       71%         4


Dungeon Overview and Level Annotations

Branches:
Dungeon (8/15)             Temple (1/1) D:5
   Lair: D:8-11

Altars:
Ashenzari
Dithmenos
Fedhas
Gozag
Hepliaklqana
Kikubaaqudgha
Makhleb
Nemelex Xobeh
Okawaru
Ru
Trog
Uskayaw
Vehumet
Wu Jian
Xom
Yredelemnul
Zin
The Shining One


Innate Abilities, Weirdness & Mutations

You are too large for most types of armour.
You have tough skin. (AC +1)


Message History

Casting: Scorch (safe; 1% risk of failure)
Confirm with . or Enter, or press ? or * to list all spells.
Flames lash the yak.
The yak is lightly wounded.
The yak's fire resistance burns away.
The yak gores you!
Casting: Scorch (safe; 1% risk of failure)
Confirm with . or Enter, or press ? or * to list all spells.
Flames lash the yak.
The yak is burned terribly!
The yak is lightly wounded.
The yak attacks as you move away! The yak gores you!
The yak attacks as you move away! The yak closely misses you.
Casting: Scorch (safe; 1% risk of failure)
Confirm with . or Enter, or press ? or * to list all spells.
Flames lash the yak.
The yak is burned terribly!
The yak is almost dead.
You enter the shallow water.
Moving in this stuff is going to be slow.
The yak barely misses you.
Casting: Scorch (safe; 1% risk of failure)
Confirm with . or Enter, or press ? or * to list all spells.
Flames lash the yak.
The yak is moderately wounded.
The yak's fire resistance burns away.
The yak gores you! x2
The yak attacks as you move away! The yak gores you!
The yak is no longer more vulnerable to fire.
Casting: Scorch (safe; 1% risk of failure)
Confirm with . or Enter, or press ? or * to list all spells.
Flames lash the yak but do no damage.
The yak gores you!
The yak is engulfed in a cloud of scalding steam.
Why would you want to do that? Why would you want to do that?
Why would you want to do that?
You are engulfed in a cloud of scalding steam.
* * * LOW HITPOINT WARNING * * *
The yak is no longer more vulnerable to fire.
The yak gores you!
* * * LOW HITPOINT WARNING * * *
The yak gores you!
You die...
Fedhas appreciates your contribution to the ecosystem.

#...~~≈~≈~~
#.~~~~###~~
#~~≈###~### ~#
#~~P#~)))~##≈~#
##~~P~~~~))~#~~#
###.~~P#~~~~~##≈~#
#...~~≈###~###≈~~#
#..##~~~~###~Y~~#
######.~~≈~≈@Y.##
#..~~~~Y..#
##...#...##
##..##.## #.....#
##.)### #..##
#...# #...##


You could see 3 yaks.

Vanquished Creatures
  Prince Ribbit (D:6)
  The ghost of tardwrangler69 the Magician, an amateur DjFE (D:4)
  A steam dragon (D:8)
  A swamp worm (D:8)
  A water moccasin (D:6)
  Pargi (D:4)
  A black bear (D:4)
  A centaur (D:5)
  An ogre (D:5)
  A phantom (D:4)
  A scorpion (D:6)
  2 howler monkeys (D:5)
  A jelly (D:5)
  4 hounds
  Terence (D:2)
  6 iguanas
  An orc wizard (D:5)
  Natasha (thrice) (D:2)
  10 adders
  A river rat (D:4)
  4 shadow imps
  2 worms
  3 dart slugs
  8 orcs
  6 bats
  3 endoplasms
  2 giant cockroaches
  7 goblins
  5 hobgoblins
  2 jackals (D:3)
  4 quokkas
  5 ball pythons
  6 frilled lizards
  4 kobolds
  6 rats
107 creatures vanquished.

Vanquished Creatures (others)
  10 foxfires (D:1)
  6 fungi (D:1)
  7 plants
23 creatures vanquished.

Grand Total: 130 creatures vanquished

Notes
Turn   | Place    | Note
-------+----------+-------------------------------------------
     0 | D:1      | unlimited1921 the Ogre Cinder Acolyte began the quest for
                  | the Orb.
     0 | D:1      | Reached XP level 1. HP: 24/24 MP: 2/2
    78 | D:1      | Reached XP level 2. HP: 30/32 MP: 3/3
   177 | D:1      | Found a faded altar of an unknown god.
   785 | D:2      | Reached XP level 3. HP: 35/40 MP: 4/4
   929 | D:2      | Identified the +3 ring mail of the Sun {rC+ Will+ SInv}
   972 | D:2      | Learned a level 2 spell: Scorch
  1296 | D:2      | Noticed Natasha
  1309 | D:2      | Killed Natasha
  1310 | D:2      | Reached XP level 4. HP: 26/49 MP: 0/6
  1655 | D:2      | Noticed Terence
  1661 | D:2      | Killed Terence
  1940 | D:2      | Noticed Natasha
  1945 | D:2      | Killed Natasha
  1946 | D:2      | Reached XP level 5. HP: 55/55 MP: 0/8
  2045 | D:2      | Noticed Natasha
  2048 | D:2      | Killed Natasha
  2102 | D:2      | Reached skill level 5 in Fighting
  2407 | D:2      | Reached skill level 1 in Dodging
  4894 | D:4      | Noticed a black bear
  4905 | D:4      | Killed a black bear
  4906 | D:4      | Reached XP level 6. HP: 42/66 MP: 0/10
  5133 | D:4      | Noticed Pargi
  5142 | D:4      | Killed Pargi
  5974 | D:4      | Found a runed translucent door.
  5984 | D:4      | Noticed tardwrangler69's ghost (amateur DjFE)
  6099 | D:4      | Killed tardwrangler69's ghost
  6100 | D:4      | Reached XP level 7. HP: 26/72 MP: 1/13
  6637 | D:4      | Found a runed translucent door.
  7089 | D:4      | Reached skill level 1 in Stealth
  7401 | D:4      | Reached skill level 5 in Spellcasting
  7982 | D:5      | Entered Level 5 of the Dungeon
  8002 | D:5      | Reached skill level 5 in Fire Magic
  8104 | D:5      | Reached XP level 8. HP: 81/81 MP: 15/16
  8491 | D:5      | Found a staircase to the Ecumenical Temple.
  9102 | Temple   | Entered the Ecumenical Temple
  9154 | Temple   | Fell from the grace of Ignis
  9154 | Temple   | Became a worshipper of Fedhas Madash
  9261 | D:5      | Found a shadowy altar of Dithmenos.
  9262 | D:5      | Found a radiant altar of Vehumet.
  9263 | D:5      | Found an opulent altar of Gozag.
  9263 | D:5      | Found a hazy altar of Hepliaklqana.
  9444 | D:5      | Reached skill level 1 in Invocations
 10142 | D:5      | Found a basalt altar of Yredelemnul.
 10281 | D:6      | Noticed Prince Ribbit
 10292 | D:6      | Killed Prince Ribbit
 10537 | D:6      | Reached skill level 5 in Invocations
 10537 | D:6      | Reached XP level 9. HP: 80/88 MP: 18/18
 10569 | D:6      | You fall into a shaft and drop 2 floors!
 10856 | D:8      | HP: 3/88 [yak (12)]
 10856 | D:8      | Mangled by a yak

Illustrated notes

Levels and vault maps discovered:
D:1:      ncdulo_wetmaze, layout_basic, dreamdust_ecumenical_altar_grove,
          nrook_mini_vaults, minmay_misc_feat_square,
          chequers_serial_rivers_large_b
D:2:      layout_basic, kennysheep_generic_room_11, uniq_terence, uniq_natasha
D:3:      layout_basic
D:4:      layout_basic, ebering_ghost_sewer_f, minmay_starry_boxes, uniq_pargi
D:5:      layout_loops_ring, lemuel_coloured_pillars_altar,
          grunt_temple_overflow_open, minmay_temple_entry_mini_moons,
          amcnicky_mini_rare_corridor_liquid
D:6:      layout_basic, minivault_22, minivault_10, uniq_prince_ribbit1
D:8:      layout_cave_pods, erik_lair_island, serial_shops, nicolae_shop_trees,
          worms_lemuel
Temple:   nicolae_temple_god_jail

Skill      XL: |  1  2  3  4  5  6  7  8  9 |
---------------+----------------------------+-----
Fire Magic     | 3 4 5 |  5.8
Spellcasting   | 2 3 4 5 6 |  6.4
Axes           | 4 |  4.4
Fighting       | 5 |  5.6
Dodging        | 1 2 |  2.3
Stealth        | 1 |  1.1
Invocations    | 5 6 |  6.4
Evocations     | |  0.2

Action                   |  1- 3 |  4- 6 |  7- 9 || total
-------------------------+-------+-------+-------++-------
Melee: Hand axe          |    75 |    51 |    11 ||   137
       Punch             |     1 |     1 |       ||     2
Throw: Stone             |       |     1 |       ||     1
 Cast: Scorch            |     4 |    58 |   102 ||   164
Invok: Fiery Armour      |     3 |       |       ||     3
       Foxfire Swarm     |     1 |       |       ||     1
Evoke: Wand              |       |     3 |       ||     3
  Use: Potion            |       |       |     1 ||     1
Armor: Robe              |    24 |    37 |    17 ||    78
Dodge: Dodged            |    31 |    50 |    41 ||   122
